 Dungeon Crawl Stone Soup version 0.26-b1-32-g5d43845318 (webtiles) character file.

Game seed: 8166938195588072694

4355 sanka the Nimble (level 10, -31/75 (76) HPs)
             Began as a Vampire Venom Mage on Jan 11, 2021.
             Was a Follower of Kikubaaqudgha.
             Annihilated by a boulder beetle (46 damage)
             ... on level 8 of the Dungeon on Jan 12, 2021.
             The game lasted 00:25:06 (11854 turns).

sanka the Nimble (Vampire Venom Mage)              Turns: 11854, Time: 00:25:07

HP:   -31/75 (76)   AC:  4    Str:  7    XL:     10   Next: 12%
MP:   5/13          EV: 19    Int: 20    God:    Kikubaaqudgha [*.....]
Gold: 193           SH:  5    Dex: 16    Spells: 7/14 levels left

rFire    + . .     SeeInvis +   i - +4 long sword (freeze) (curse)
rCold    . . .     Faith    .   (no shield)
rNeg     . . .     Spirit   .   r - +0 robe {rF+}
rPois    .         Reflect  +   l - +0 helmet
rElec    .         Harm     .   (no cloak)
rCorr    .         Rampage  .   (no gloves)
Will     +....                  J - +0 pair of boots
Stlth    ++........             b - amulet of reflection
HPRegen  0.42/turn              (no ring)
MPRegen  0.13/turn              (no ring)

@: regenerating quickly, lightly drained
A: fangs 3, see invisible, unbreathing
a: Exsanguinate, Renounce Religion, Receive Corpses


You were on level 8 of the Dungeon.
You worshipped Kikubaaqudgha.
Kikubaaqudgha was aware of your devotion.
You visited 2 branches of the dungeon, and saw 9 of its levels.

You collected 523 gold pieces.
You spent 330 gold pieces at shops.


Innate Abilities, Weirdness & Mutations

Your natural rate of healing is unusually fast.
You have razor-sharp teeth.
You have supernaturally acute eyesight. (SInv)
You can survive without breathing.


   Skills:
 - Level 6.0 Fighting
 - Level 10.0 Dodging
 - Level 3.0 Stealth
 + Level 2.5 Spellcasting
 * Level 2.6 Necromancy
 - Level 2.0 Transmutations
 - Level 4.0 Air Magic
 + Level 7.7 Poison Magic


You had 7 spell levels left.
You knew the following spells:

 Your Spells              Type           Power        Failure   Level
x - Sting                 Tmut/Pois      88%          1%          1
z - Poisonous Vapours     Pois/Air       52%          1%          2
X - Olgreb's Toxic Radia  Pois           33%          6%          4

Your spell library contained the following spells:

 Spells                   Type           Power        Failure   Level
 Animate Skeleton         Necr           26%          4%          1
 Pain                     Necr           52%          4%          1
 Sublimation of Blood     Necr           6%           8%          2
 Mephitic Cloud           Conj/Pois/Air  18%          9%          3
 Ignite Poison            Fire/Tmut/Pois 15%          12%         3
 Vampiric Draining        Necr           6%           16%         3
 Animate Dead             Necr           6%           45%         4
 Agony                    Necr           13%          80%         5

Inventory:

Hand Weapons
 a - a +1 flail of draining
 d - a +0 dagger of speed
 i - a cursed +4 long sword of freezing (weapon)
 B - a -3 long sword
 E - a +1 dagger of electrocution
Missiles
 h - a throwing net {=f}
Armour
 l - a +0 helmet (worn)
 r - a +0 robe of fire resistance (worn)
 J - a +0 pair of boots (worn)
Magical Staves
 v - an uncursed staff of death
Jewellery
 b - an amulet of reflection (around neck)
Wands
 j - a wand of enslavement (10)
 t - a wand of iceblast (5)
 y - a wand of paralysis (4)
 C - a wand of digging (6)
 G - a wand of polymorph (6)
Scrolls
 e - 9 scrolls of teleportation {@r4}
 g - 2 scrolls of fear
 k - 4 scrolls of magic mapping
 o - a scroll of fog
 q - 3 scrolls of amnesia
 u - 2 scrolls of enchant weapon
 A - a scroll of enchant armour
 H - a scroll of immolation {!r}
Potions
 c - 5 potions of flight
 m - a potion of curing {unknown}
 n - a potion of degeneration {unknown}
 p - a potion of ambrosia
 s - 2 potions of attraction {!q}
 w - a potion of mutation {unknown}
 x - a potion of magic {unknown}
 z - 2 potions of brilliance
 D - 2 potions of invisibility
 F - a potion of heal wounds {@q2}
 I - 3 potions of haste {@q3}

Dungeon Overview and Level Annotations

Branches:
Dungeon (8/15)             Temple (1/1) D:7
   Lair: D:8-11

Altars:
Ashenzari
Cheibriados
Dithmenos
Elyvilon
Fedhas
Gozag
Kikubaaqudgha
Nemelex Xobeh
Okawaru
Qazlal
Ru
Vehumet
Wu Jian
Xom
Yredelemnul
Zin
The Shining One

Shops:
D:7 ([:[

Annotations:
D:2 exclusion: door
D:4 Menkaure

▒...▒▒▒▒▒▒...▒▒
▒▒...... ▒▒▒▒▒
▒▒..▒ ▒▒.......
▒▒.▒ ▒▒..▒▒▒▒..
▒.▒ ▒▒..▒▒ ▒▒.
▒.▒▒ ▒▒(.▒▒ ▒.
▒.(▒ ▒▒..▒▒ ▒▒
▒▒..▒▒▒..▒▒
▒▒▒▒((B▒...▒▒
▒▒▒▒▒▒..).V▒☼...▒
▒▒...)).▒▒▒▒▒▒B..▒
▒...)▒▒▒▒
▒.°[▒▒▒▒▒▒▒▒▒▒▒
▒▒..▒▒▒
▒.............▒
▒...▒
▒▒.)..........▒
▒...▒
▒^............
▒▒..▒▒
▒▒.............
▒...▒▒
▒▒.............▒
▒▒...▒▒
▒▒▒.....▒▒▒▒▒▒▒▒▒▒


You could see a boulder beetle (very poisoned).


Message History

The boulder beetle is engulfed in poison gas.
The boulder beetle looks even sicker.
Aiming: Poisonous Vapours (safe; 1% risk of failure)
Aim: a boulder beetle (lightly wounded, very poisoned) Poisonous vapours surround the boulder beetle!
The boulder beetle is engulfed in poison gas.
The boulder beetle looks even sicker.
Aiming: Poisonous Vapours (safe; 1% risk of failure)
Aim: a boulder beetle (lightly wounded, very poisoned) Poisonous vapours surround the boulder beetle!
The boulder beetle looks as sick as possible!
The boulder beetle hits you!!!
Ouch! That really hurt!
* * * LOW HITPOINT WARNING * * *
The boulder beetle stops rolling and uncurls.
The boulder beetle waves its antennae.
Things that are here:
a +0 club; a +0 leather armour The boulder beetle bites you!
* * * LOW HITPOINT WARNING * * *
The boulder beetle curls into a ball and begins rolling!
Aiming: Poisonous Vapours (safe; 1% risk of failure)
Aim: a boulder beetle (almost dead, very poisoned) Poisonous vapours surround the boulder beetle!
The boulder beetle is engulfed in poison gas.
The boulder beetle looks even sicker.
The boulder beetle hits you!!!
Ouch! That really hurt!
You die...
Kikubaaqudgha rasps: "You have failed me!
Welcome... death!"

Action                   |  1- 3 |  4- 6 |  7- 9 | 10-12 || total
-------------------------+-------+-------+-------+-------++-------
Melee: Unarmed           |    32 |       |       |       ||    32
       Bite              |     7 |    11 |    40 |     3 ||    61
       Dagger            |    36 |    91 |    29 |       ||   156
       Flail             |       |       |   177 |       ||   177
       Long sword        |       |       |   176 |    47 ||   223
 Cast: Sting             |    39 |     3 |       |       ||    42
       Poisonous Vapours |    17 |    63 |   112 |    14 ||   206
  Use: Scroll            |       |       |    17 |       ||    17
 Stab: Sleeping          |       |       |     5 |       ||     5
Armor: Robe              |    13 |    12 |    27 |     2 ||    54
Dodge: Dodged            |    47 |    59 |   344 |    52 ||   502
Block: Other             |    10 |    22 |   110 |    14 ||   156
       Reflection        |       |     1 |     3 |     1 ||     5
       Rpst.: Long sword |       |       |    44 |    12 ||    56

Levels and vault maps discovered:
D:1:      minmay_arrival_cross, layout_basic
D:2:      cheibrodos_fertilizer, layout_loops_cross, uniq_crazy_yiuf_cottage,
          uniq_terence
D:3:      layout_basic, chequers_ecumenical_altar_lobes,
          hangedman_abyss_or_decor_stabs, uniq_natasha
D:4:      layout_loops_ring, nicolae_overflow_crystal_walls,
          gup_sewer_entry_bowl, uniq_menkaure, uniq_duvessa
D:5:      layout_basic, uniq_edmund, uniq_pikel, uniq_sigmund
D:6:      layout_basic, uniq_eustachio
D:7:      layout_basic, minmay_temple_entry_crystal_x, minmay_shop_grid_forest,
          hangedman_decor_growths, amcnicky_mini_corridor_feature,
          lemuel_mausoleum_altar_kikubaaqudgha
D:8:      layout_layer_cave, minitemple
Temple:   eino_temple_rhombus

Notes
Turn   | Place    | Note
-------+----------+-------------------------------------------
     0 | D:1      | sanka the Vampire Venom Mage began the quest for the Orb.
     0 | D:1      | Reached XP level 1. HP: 13/13 MP: 3/3
   176 | D:1      | Reached skill level 3 in Poison Magic
   176 | D:1      | Reached XP level 2. HP: 19/19 MP: 3/5
   274 | D:1      | Reached skill level 2 in Transmutations
  1005 | D:1      | Learned a level 2 spell: Poisonous Vapours
  1067 | D:1      | Reached XP level 3. HP: 15/24 MP: 1/6
  1236 | D:2      | Reached skill level 1 in Air Magic
  1446 | D:1      | Reached XP level 4. HP: 17/30 MP: 3/7
  1861 | D:2      | Reached skill level 4 in Poison Magic
  2009 | D:2      | Reached skill level 2 in Air Magic
  2101 | D:2      | Noticed Terence
  2105 | D:2      | Killed Terence
  2469 | D:2      | Reached skill level 3 in Air Magic
  2469 | D:2      | Reached XP level 5. HP: 34/35 MP: 3/8
  2887 | D:3      | Noticed Natasha
  2890 | D:3      | Killed Natasha
  2918 | D:3      | Noticed Natasha
  2920 | D:3      | Killed Natasha
  2921 | D:3      | Reached skill level 4 in Air Magic
  3434 | D:5      | Entered Level 5 of the Dungeon
  3544 | D:5      | Reached skill level 3 in Dodging
  3709 | D:5      | Noticed Sigmund
  3748 | D:5      | Killed Sigmund
  3749 | D:5      | Reached skill level 1 in Fighting
  3749 | D:5      | Reached skill level 4 in Dodging
  3749 | D:5      | Reached XP level 6. HP: 44/44 MP: 1/9
  3863 | D:5      | Reached skill level 2 in Fighting
  3913 | D:5      | Reached XP level 7. HP: 47/50 MP: 1/10
  4241 | D:5      | Noticed Pikel
  4259 | D:5      | Killed Pikel
  4260 | D:5      | Reached skill level 3 in Fighting
  4260 | D:5      | Reached skill level 7 in Dodging
  4389 | D:5      | Reached XP level 8. HP: 34/58 MP: 11/11
  4808 | D:5      | Noticed Edmund
  4831 | D:5      | Killed Edmund
  4832 | D:5      | Reached skill level 8 in Dodging
  4988 | D:4      | Noticed Menkaure
  5288 | D:3      | Found a faded altar of an unknown god.
  6209 | D:4      | Reached skill level 4 in Fighting
  6351 | D:4      | Found a glowing silver altar of Zin.
  6741 | D:4      | Noticed Dowan
  6743 | D:4      | Noticed Duvessa
  6865 | D:4      | Killed Duvessa
  6866 | D:4      | Reached skill level 9 in Dodging
  6871 | D:4      | Killed Dowan
  7373 | D:6      | Noticed Eustachio
  7381 | D:6      | Killed Eustachio
  7382 | D:6      | Reached skill level 5 in Fighting
  7625 | D:6      | Reached XP level 9. HP: 39/68 MP: 12/12
  8520 | D:7      | Found a staircase to the Ecumenical Temple.
  8590 | Temple   | Entered the Ecumenical Temple
  8848 | Temple   | Became a worshipper of Kikubaaqudgha
  9134 | D:7      | Reached skill level 6 in Fighting
  9134 | D:7      | Reached skill level 10 in Dodging
  9177 | D:7      | Learned a level 4 spell: Olgreb's Toxic Radiance
  9495 | D:7      | Reached skill level 5 in Poison Magic
  9678 | D:7      | Found Poutesis's Antique Armour Shoppe.
  9682 | D:7      | Found Mibot's Book Shoppe.
  9684 | D:7      | Found Mekkiont's Armour Shoppe.
  9685 | D:7      | Found Qiweamoa's Antique Weapon Shoppe.
  9988 | D:7      | Found an ancient bone altar of Kikubaaqudgha.
 10037 | D:7      | Reached * piety under Kikubaaqudgha
 10037 | D:7      | Identified Kikubaaqudgha's Tome of Black Secrets
                  | (Kikubaaqudgha gifted it to you on level 7 of the Dungeon)
 10037 | D:7      | Received a gift from Kikubaaqudgha
 10038 | D:7      | Reached skill level 6 in Poison Magic
 10103 | D:7      | Bought a book of Necromancy for 330 gold pieces
 10296 | D:7      | HP: 6/69 [wraith (5)]
 10787 | D:8      | Noticed a cyan ugly thing
 10842 | D:7      | Killed a cyan ugly thing
 10843 | D:7      | Reached skill level 7 in Poison Magic
 11252 | D:8      | Reached skill level 1 in Necromancy
 11385 | D:7      | Reached XP level 10. HP: 62/76 MP: 7/13
 11525 | D:8      | Reached skill level 2 in Necromancy
 11839 | D:8      | Noticed a boulder beetle
 11854 | D:8      | Annihilated by a boulder beetle

Vanquished Creatures
  Pikel (D:5)
  An ugly thing (D:7)
  Sigmund (D:5)
  Eustachio (D:6)
  Edmund (D:5)
  Duvessa (D:4)
  2 orc warriors
  A sky beast (D:7)
  An ice beast (D:8)
  A black bear (D:7)
  2 phantoms
  An ogre (D:4)
  A necrophage (D:7)
  2 centaurs
  A lemure (D:5)
  An elf zombie (D:7)
  2 bullfrogs (D:7)
  Dowan (D:4)
  3 scorpions
  2 water moccasin skeletons
  11 wights
  A howler monkey (D:6)
  A centaur zombie (D:8)
  3 hounds
  A jelly (D:5)
  4 orc priests
  2 bullfrog skeletons
  3 orc wizards
  A human skeleton (D:7)
  Natasha (twice) (D:3)
  Terence (D:2)
  A human zombie (D:7)
  An iguana (D:3)
  4 worker ants
  3 hound skeletons
  3 mummies (D:7)
  6 gnolls
  7 adders
  A shadow imp (D:8)
  A white imp (D:8)
  2 ufetubi
  An adder zombie (D:8)
  An adder skeleton (D:4)
  4 worms
  A dart slug (D:3)
  5 leopard geckos
  21 orcs
  7 bats
  3 giant cockroaches
  6 goblins
  4 hobgoblins
  4 jackals
  2 quokkas (D:8)
  2 ball pythons
  4 frilled lizards
  11 kobolds
  A leopard gecko skeleton (D:5)
  10 rats
173 creatures vanquished.

Vanquished Creatures (others)
  7 toadstools (D:2)
7 creatures vanquished.

Grand Total: 180 creatures vanquished

Table legend: (Time is in decaauts)
 A = Elapsed time spent in this place.
 B = Non-inter-level travel time spent in this place.
 C = Inter-level travel time spent in this place.
 D = Time resting spent in this place.
 E = Time spent auto-exploring this place.
 F = Levels seen in this place.
 G = Mean time per level.
                   A        B        C        D        E       F      G
               +--------+--------+--------+--------+--------+-----+--------+
         Total |  12017 |  11321 |    696 |   3877 |   4976 |   9 | 1335.2 |
       Dungeon |  11603 |  10940 |    663 |   3697 |   4830 |   8 | 1450.4 |
        Temple |    413 |    380 |     33 |    180 |    146 |   1 |  413.0 |
               +--------+--------+--------+--------+--------+-----+--------+

Top non-repeatable levels by time:
     D:7: 2210 daAuts
     D:5: 1678 daAuts
     D:3: 1671 daAuts
     D:1: 1412 daAuts
     D:4: 1389 daAuts
     D:6: 1215 daAuts
     D:2: 1117 daAuts
     D:8: 909 daAuts
  Temple: 413 daAuts
